 Dungeon Crawl Stone Soup version 0.26-a0-835-g8259106e14 (webtiles) character file.

Game seed: 16659500980919937139

105 Kinoniko the Chopper (level 4, 0/33 HPs)
             Began as a Demonspawn Gladiator on Nov 17, 2020.
             Slain by a gnoll (1 damage)
             ... on level 3 of the Dungeon.
             The game lasted 00:01:41 (2112 turns).

Kinoniko the Chopper (Demonspawn Gladiator)         Turns: 2112, Time: 00:01:41

Health: 0/33       AC:  5    Str: 15      XL:     4   Next: 54%
Magic:  0/4        EV: 12    Int:  8 (9)  God:
Gold:   160        SH:  5    Dex: 14 (15) Spells: 3/3 levels left

rFire    . . .     SeeInvis .   a - +0 war axe
rCold    . . .     Faith    .   (no shield)
rNeg     . . .     Spirit   +   b - +0 leather armour
rPois    .         Reflect  +   c - +0 helmet
rElec    .         Harm     .   g - +0 cloak (curse)
rCorr    .         Rampage  .   (no gloves)
MR       .....                  (no boots)
Stlth    +.........             j - amulet of reflection
HPRegen  0.11/turn              (no ring)
MPRegen  0.09/turn              (no ring)

@: very slightly contaminated, invisible
A: powered by death 1, magic shield
a: no special abilities


You were on level 3 of the Dungeon.
You visited 1 branch of the dungeon, and saw 3 of its levels.

You collected 160 gold pieces.

Inventory:

Hand Weapons
 a - a +0 war axe (weapon)
 n - a +0 vorpal spear
Missiles
 d - 3 throwing nets (quivered)
Armour
 b - a +0 leather armour (worn)
 c - a +0 helmet (worn)
 g - a cursed +0 cloak (worn)
Jewellery
 j - an amulet of reflection (around neck)
Scrolls
 f - 2 scrolls of fog {unknown}
 h - a scroll of remove curse {unknown}
 k - 2 scrolls of fear {unknown}
 o - a scroll of magic mapping {unknown}
 p - 2 scrolls of identify
 q - a scroll of blinking {unknown}
Potions
 e - a potion of invisibility
 i - a potion of magic {unknown}
 l - a potion of mutation {unknown}
 m - a potion of haste {unknown}


   Skills:
 - Level 2.0 Fighting
 + Level 4.9 Axes
 - Level 1.7 Throwing
 - Level 2.7 Dodging


You had 3 spell levels left.
You didn't know any spells.
Your spell library was empty.

Dungeon Overview and Level Annotations

Branches:
Dungeon (3/15)

Altars:


Innate Abilities, Weirdness & Mutations

You regenerate a little health from kills.
When hurt, damage is shared between your health and your magic reserves.


Message History

You slash the gnoll!
You kill the gnoll!
You strike the helpless gnoll from behind!
You hit the gnoll but do no damage. The gnoll barely misses you.
The gnoll misses you.
You slash the gnoll!
The gnoll is severely wounded.
The gnoll closely misses you.
You barely miss the gnoll.
The gnoll is severely wounded.
The gnoll completely misses you.
You catch the helpless gnoll completely off-guard!
You hit the gnoll.
The gnoll is almost dead.
The gnoll hits you.
* * * LOW HITPOINT WARNING * * *
You closely miss the gnoll.
The gnoll is almost dead.
The gnoll hits you.
You die...

#.### ....# #.#.#
#.#.# .# #.#.###
...###.#...
.........##########...
#. #.......$)@g......
#.##.#....#####.#####
.###..........# ..
..............# ##
##.....###..#
##....###..#
#.........#
#####...##.##.#
........# .#


You could see a gnoll.

Vanquished Creatures
  Crazy Yiuf (D:2)
  3 gnolls (D:3)
  2 adders
  2 dart slugs
  An orc (D:3)
  2 giant cockroaches (D:1)
  2 hobgoblins
  3 bats
  3 frilled lizards
  2 goblins
  3 kobolds
  6 rats
30 creatures vanquished.

Notes
Turn   | Place    | Note
-------+----------+-------------------------------------------
     0 | D:1      | Kinoniko the Demonspawn Gladiator began the quest for the
                  | Orb.
     0 | D:1      | Reached XP level 1. HP: 16/16 MP: 1/1
   384 | D:1      | Reached skill level 3 in Axes
   583 | D:1      | Gained mutation: When hurt, damage is shared between your
                  | health and your magic reserves. [demonic ancestry]
   583 | D:1      | Reached XP level 2. HP: 22/22 MP: 2/2
  1397 | D:2      | Reached XP level 3. HP: 27/27 MP: 3/3
  1598 | D:2      | Found a runed translucent door.
  1599 | D:2      | Noticed Crazy Yiuf
  1688 | D:2      | Killed Crazy Yiuf
  1689 | D:2      | Reached skill level 4 in Axes
  1960 | D:3      | Gained mutation: You regenerate a little health from kills.
                  | [demonic ancestry]
  1960 | D:3      | Reached XP level 4. HP: 27/33 MP: 2/4
  2111 | D:3      | HP: 1/33 [gnoll (6)]
  2112 | D:3      | Slain by a gnoll

Illustrated notes

Levels and vault maps discovered:
D:1:      dpeg_arrival_round_b, layout_basic
D:2:      layout_basic, minmay_tromino_i2, uniq_crazy_yiuf_cottage
D:3:      layout_loops_ring, hangedman_decor_riveting, minmay_misc_feat_tiny,
          led_sif_pool

Skill      XL: |  1  2  3 |
---------------+----------+-----
Axes           | 3 4 |  4.9
Fighting       | |  2.0
Throwing       | |  1.7
Dodging        | |  2.7

Action                   |  1- 3 |  4- 6 || total
-------------------------+-------+-------++-------
Melee: War axe           |    75 |    28 ||   103
  Use: Scroll            |     3 |       ||     3
       Potion            |     2 |     1 ||     3
 Stab: Sleeping          |     2 |       ||     2
       Invisible         |       |     3 ||     3
Armor: Leather armour    |    25 |     4 ||    29
Dodge: Dodged            |    56 |    16 ||    72
Block: Other             |    10 |     6 ||    16

Table legend: (Time is in decaauts)
 A = Elapsed time spent in this place.
 B = Non-inter-level travel time spent in this place.
 C = Inter-level travel time spent in this place.
 D = Time resting spent in this place.
 E = Time spent auto-exploring this place.
 F = Levels seen in this place.
 G = Mean time per level.
                   A        B        C        D        E       F      G
               +--------+--------+--------+--------+--------+-----+--------+
         Total |   2143 |   2056 |     87 |    270 |   1536 |   3 |  714.3 |
       Dungeon |   2143 |   2056 |     87 |    270 |   1536 |   3 |  714.3 |
               +--------+--------+--------+--------+--------+-----+--------+

Top non-repeatable levels by time:
     D:2: 1089 daAuts
     D:1: 882 daAuts
     D:3: 171 daAuts
